Map: Jagannatha LE

Players

FROSTY

  • Race: Zerg Zerg
  • League: Platinum

Tunkon - Winner!

  • Race: Zerg Zerg
  • League: Platinum

VOD

Have the link to the VOD?

Description

Time

  • Played on: May 4, 2021, 3:15 p.m.
  • Length: 11:10
Show
View Real Time Build Order
Export as new Build Order

FROSTY Zerg 

Build Orders: Hatch First 

Get SALT Encoding   

  12  0:00  Drone  
  13  0:10  Drone  
  14  0:17  Overlord  
  14  0:23  Drone, Extractor  
  14  0:35  Drone x2  
  16  0:44  Drone  
  17  1:02  Drone  
  18  1:04  Hatchery  
  17  1:18  Spawning Pool  
  17  1:20  Drone  
  17  1:22  Drone  
  18  1:30  Drone  
  19  1:39  Drone  
  20  1:51  Overlord  
  20  2:06  Zergling x2  
  21  2:09  Queen  
  21  2:15  Drone  
  24  2:16  Drone  
  24  2:18  Queen  
  27  2:27  Zergling x4  
  29  2:39  Zergling x4  
  31  2:44  Metabolic Boost  
  31  2:46  Hatchery  
  30  3:12  Zergling x2  
  31  3:13  Zergling x10  
  31  3:19  Overlord  
  36  3:21  Overlord  
  36  3:34  Overlord  
  36  3:36  Overlord  
  36  3:43  Drone x3  
  39  3:54  Lair  
  39  3:55  Drone x3  
  42  3:57  Drone  
  42  4:00  Extractor  
  42  4:09  Drone x4  
  46  4:13  Drone  
  47  4:18  Drone  
  47  4:19  Drone  
  49  4:32  Roach Warren, Drone x2  
  49  4:34  Evolution Chamber, Drone  
  50  5:05  Drone x8  
  50  5:06  Drone  
  59  5:09  Zerg Missile Weapons Level 1  
  59  5:16  Spine Crawler  
  49  5:44  Roach x7  
  49  5:45  Roach x6  
  49  5:47  Glial Reconstitution  
  49  5:49  Overlord x2  
  73  6:01  Queen, Extractor  
  73  6:02  Spine Crawler  
  73  6:03  Spine Crawler  
  72  6:12  Roach x6  
  84  6:20  Overlord x3  
  84  6:22  Roach  
  84  6:23  Roach x2  
  90  6:36  Overlord x4  
  90  6:45  Roach  
  90  6:46  Roach x3  
  98  6:51  Roach x2  
  102  6:56  Hydralisk Den  
  101  7:01  Roach  
  101  7:02  Evolution Chamber, Roach x2  
  106  7:14  Ravager  
  107  7:16  Zergling x2  
  107  7:17  Zergling x14  
  115  7:27  Extractor  
  91  8:06  Roach x12  
  114  8:28  Roach x5  
  103  8:42  Roach x3  
  103  9:02  Hydralisk x2  
  85  9:04  Zergling x2  
  85  9:05  Zergling x12  
  68  9:34  Hydralisk x4  
  63  9:38  Extractor  
  54  9:52  Drone x3  
  57  9:53  Drone x5  
  57  9:58  Hydralisk  
  64  10:04  Roach  
  64  10:05  Roach  
  68  10:08  Zergling x6  
  71  10:17  Roach x5  
  67  10:24  Roach x2  
  69  10:33  Hydralisk x2  
Show
View Real Time Build Order
Export as new Build Order

Tunkon Zerg - Winner!

Build Orders: Hatch First 

Get SALT Encoding   

  12  0:00  Drone  
  13  0:13  Overlord  
  13  0:18  Drone  
  14  0:31  Drone x2  
  14  0:35  Drone  
  17  0:54  Hatchery  
  16  0:57  Drone  
  16  0:59  Extractor  
  16  1:11  Drone  
  17  1:17  Spawning Pool  
  16  1:21  Drone  
  16  1:25  Drone  
  18  1:29  Drone  
  19  1:42  Overlord  
  19  1:50  Drone  
  20  2:00  Drone  
  21  2:10  Queen x2  
  21  2:12  Zergling x4  
  27  2:19  Drone  
  27  2:22  Drone  
  29  2:28  Drone  
  30  2:35  Overlord  
  30  2:40  Drone  
  31  2:45  Drone  
  31  2:50  Drone  
  33  2:55  Overlord  
  33  3:06  Overlord  
  33  3:07  Drone  
  34  3:15  Queen  
  36  3:21  Drone x6  
  36  3:22  Drone x2  
  44  3:31  Drone x2  
  46  3:36  Overlord  
  46  3:43  Drone  
  46  3:47  Drone  
  48  3:50  Hatchery  
  47  4:00  Roach Warren, Lair  
  46  4:04  Drone x4  
  46  4:05  Evolution Chamber, Drone  
  46  4:06  Evolution Chamber, Drone  
  46  4:09  Overlord  
  50  4:16  Queen  
  50  4:18  Drone x2  
  54  4:34  Extractor  
  54  4:35  Zerg Missile Weapons Level 1  
  54  4:36  Zerg Ground Armor Level 1  
  53  4:41  Roach x4  
  53  4:42  Roach  
  63  4:51  Roach x2  
  67  5:00  Drone  
  67  5:03  Overlord x3  
  67  5:04  Extractor, Overlord  
  67  5:05  Extractor  
  66  5:12  Roach  
  66  5:13  Roach x2  
  72  5:21  Roach  
  72  5:28  Drone x3  
  77  5:29  Hatchery  
  77  5:33  Roach  
  71  5:43  Roach  
  71  5:44  Roach, Queen  
  71  5:49  Roach x2  
  81  6:00  Drone  
  81  6:01  Overlord  
  81  6:03  Drone  
  83  6:13  Queen  
  85  6:20  Queen  
  87  6:32  Glial Reconstitution  
  87  6:37  Hydralisk Den  
  86  6:40  Drone  
  86  6:45  Drone x9  
  86  6:46  Drone x3  
  99  6:56  Queen  
  99  6:57  Queen  
  99  6:58  Drone x3  
  106  7:07  Drone x2  
  108  7:17  Hydralisk x2  
  108  7:21  Muscular Augments  
  112  7:26  Drone, Extractor  
  112  7:27  Drone, Extractor  
  112  7:28  Overlord x3  
  112  7:29  Overlord x3  
  104  7:49  Roach  
  104  7:50  Roach x8  
  98  8:00  Roach  
  98  8:02  Zerg Missile Weapons Level 2  
  98  8:05  Roach x5  
  104  8:06  Roach  
  110  8:15  Hydralisk  
  102  8:28  Hydralisk x3  
  98  8:42  Roach  
  98  8:43  Hydralisk x6  
  93  9:03  Hydralisk  
  93  9:04  Hydralisk x4  
  93  9:06  Queen x2  
  98  9:19  Drone x4  
  92  9:33  Hydralisk x2  
  94  9:49  Hydralisk x3  
  88  10:25  Drone x4  
  88  10:26  Drone x2  
  90  10:37  Hatchery  
Tags
 
Add a new tag
Caveats
  • Supply blocks, unpowered buildings, or Contaminate may cause inaccurate times.
  • Supply counts are checked every 10 seconds.